 Dungeon Crawl Stone Soup version 0.30-a0-23-ge60ba3568b (webtiles) character file.

Game seed: 17585183174479603522

1545 ytrimaz the Martial Artist (level 8, -5/86 HPs)
             Began as an Octopode Transmuter on Aug 25, 2022.
             Slain by an orc warrior
             ... wielding a +0 trident
              (16 damage)
             ... on level 7 of the Dungeon.
             The game lasted 00:08:06 (8800 turns).

ytrimaz the Martial Artist (Octopode Transmuter)    Turns: 8800, Time: 00:08:06

Health: -5/86      AC:  5    Str:  9    XL:     8   Next: 87%
Magic:  11/11      EV: 11    Int: 17    God:
Gold:   145        SH:  0    Dex: 13    Spells: 4/11 levels left

rFire   x . .      SeeInvis .      - Unarmed
rCold   + + +      Faith    .    (shield currently unavailable)
rNeg    . . .      Spirit   .    (helmet currently unavailable)
rPois   +          Reflect  .    b - amulet of magic regeneration
rElec   .          Harm     .    (no ring)
rCorr   .          Rampage  .    (no ring)
Will    .....                    (no ring)
Stlth   ..........               (no ring)
HPRegen 0.24/turn                (no ring)
MPRegen 0.52/turn                (no ring)
                                 (no ring)
                                 (no ring)

@: berserking, ice-form, wereblooded, very quick
A: freezing attack, boosted hp, almost no armour, amphibious, 8 rings, large,
(camouflage 1), (gelatinous body 1), (nimble swimmer 1), (tentacles)
a: End Transformation


You were on level 7 of the Dungeon.
You were a creature of crystalline ice.
You visited 1 branch of the dungeon, and saw 7 of its levels.

You collected 373 gold pieces.
You spent 228 gold pieces at shops.

Inventory:

Jewellery
 b - an amulet of magic regeneration (around neck)
 k - an amulet of the acrobat
Wands
 j - a wand of mindburst (12)
Scrolls
 d - 2 scrolls of teleportation
 h - a scroll of blinking
 i - 2 scrolls of amnesia
 m - a scroll of magic mapping
 n - a scroll of identify
 o - 3 scrolls of brand weapon {unknown}
 p - a scroll of butterflies {unknown}
Potions
 a - 5 potions of curing
 c - a potion of brilliance
 f - 2 potions of might
 g - 4 potions of mutation
 l - a potion of invisibility
 q - a potion of attraction {unknown}


   Skills:
 - Level 1.0 Fighting
 - Level 4.7 Dodging
 - Level 10.0 Unarmed Combat
 - Level 2.0 Spellcasting
 + Level 3.3 Transmutations
 - Level 0.3 Ice Magic


You had 4 spell levels left.
You knew the following spells:

 Your Spells              Type           Power      Damage    Failure   Level
a - Beastly Appendage     Tmut           24%        N/A       4%          1
b - Wereblood             Tmut           12%        N/A       8%          2
c - Ice Form              Ice/Tmut       7%         N/A       67%         4

Your spell library contained the following spells:

 Spells                   Type           Power      Damage    Failure   Level
 Apportation              Tloc           2%         N/A       19%         1
 Necrotise                Necr           4%         1d4       19%         1
 Summon Small Mammal      Summ           4%         N/A       19%         1
 Static Discharge         Conj/Air       1%         3-4/arc   28%         2
 Spider Form              Tmut/Pois      7%         N/A       30%         3
 Ignite Poison            Fire/Tmut/Pois 5%         N/A       36%         3
 Mephitic Cloud           Conj/Pois/Air  1%         N/A       50%         3
 Dispel Undead            Necr           1%         3d6       88%         4
 Sticky Flame             Conj/Fire      1%         2d3       88%         4
 Freezing Cloud           Conj/Ice/Air   1%         6-21      99%         5


Dungeon Overview and Level Annotations

Branches:
Dungeon (7/15)
 Temple: D:4-7

Altars:
Elyvilon
Makhleb
Trog
Uskayaw
Xom

Shops:
D:3 *   D:5 !   D:6 *

Annotations:
D:5 1 runed translucent door, osoart's ghost, amateur GnHu


Innate Abilities, Weirdness & Mutations

You are a creature of crystalline ice.
You have a powerful freezing melee attack.
Your maximum health is increased.
Your armour is entirely melded.
You are incapable of wielding weapons or throwing items.
You cannot wear most types of armour.
You are amphibious.
You can wear up to eight rings at the same time.
((Your skin changes colour to match your surroundings (Stealth+).))
((Your rubbery body absorbs attacks. (AC +1, EV +1)))
((You are camouflaged when in or above water. (Stealth+)))
((You have tentacles for arms and can constrict up to eight enemies at once.))


Message History

The orc warrior closely misses you.
Training target 10.0 for Unarmed Combat reached!
Your Unarmed Combat skill increases to level 10!
Your Transmutations skill increases to level 3!
Unknown command.
You punch the orc wizard! You freeze the orc wizard.
You feel a bit better.
You kill the orc wizard!
The orc warrior hits you from afar with a +0 trident!
You barely miss the orc. The orc hits you but does no damage.
The orc warrior hits you but does no damage.
Unknown command.
You punch the orc! You freeze the orc.
You feel a bit better.
You kill the orc!
You hear some strange, mumbled words.
A puff of flame appears from out of thin air!
The puff of flame hits you! The fire burns you terribly!
The orc warrior hits you from afar with a +0 trident.
Something hits you.
The orc warrior hits you but does no damage.
Items here: ( ))) [[[ ††.
Unknown command.
You hit the orc warrior but do no damage.
You barely miss the orc warrior. Something hits you.
The orc warrior barely misses you.
Unknown command.
You barely miss the orc warrior. Something hits you.
The orc warrior hits you with a +0 trident.
* * * LOW HITPOINT WARNING * * *
Unknown command.
You hit the orc warrior. You freeze the orc warrior.
The orc warrior is moderately wounded.
Something hits you.
* * * LOW HITPOINT WARNING * * *
The orc warrior closely misses you.
Unknown command.
A red film seems to cover your vision as you go berserk!
You feel yourself moving faster!
You feel mighty! Something hits you.
* * * LOW HITPOINT WARNING * * *
The orc warrior hits you with a +0 trident!
You die...

#...###. #......
#..... ##...#
#....# ##...#
########....##
.........#...##
......{Y####..##
######.o# ##..#
#..# ##.## #..#
##<## #... ##.##
.... ##.## ....
##.# #..... ###


You could see an orc warrior.

Vanquished Creatures
  Grinder (D:6)
  A water moccasin (D:6)
  A sky beast (D:6)
  An ice beast (D:4)
  A centaur (D:5)
  A phantom (D:5)
  A necrophage (D:4)
  A bullfrog (D:6)
  4 wights
  4 scorpions
  A hound (D:5)
  Jessica (D:3)
  2 iguanas
  2 orc wizards (D:7)
  5 adders
  A shadow imp (D:6)
  2 white imps (D:6)
  An ufetubus (D:6)
  4 worms
  4 dart slugs
  3 orcs
  8 ball pythons
  4 endoplasms
  A giant cockroach (D:1)
  6 goblins
  8 hobgoblins
  8 quokkas
  4 bats
  2 frilled lizards
  9 kobolds
  3 rats
95 creatures vanquished.

Vanquished Creatures (collateral kills)
  A bullfrog (D:5)
  An orc (D:5)
2 creatures vanquished.

Vanquished Creatures (others)
  A butterfly (D:4)
1 creature vanquished.

Grand Total: 98 creatures vanquished

Notes
Turn   | Place    | Note
-------+----------+-------------------------------------------
     0 | D:1      | ytrimaz the Octopode Transmuter began the quest for the
                  | Orb.
     0 | D:1      | Reached XP level 1. HP: 13/13 MP: 3/3
   536 | D:1      | Reached XP level 2. HP: 18/18 MP: 3/5
  1253 | D:2      | Reached skill level 4 in Unarmed Combat
  1253 | D:2      | Reached XP level 3. HP: 12/23 MP: 6/6
  1276 | D:2      | Found a faded altar of an unknown god.
  2080 | D:2      | Identified the +7 scale mail of the Devouring Gods {rC+
                  | Will+ Str+2}
  2304 | D:2      | Reached XP level 4. HP: 26/28 MP: 7/7
  3119 | D:3      | Learned a level 2 spell: Wereblood
  3282 | D:3      | Found a bloodstained altar of Trog.
  3283 | D:3      | Found a shimmering altar of Xom.
  3283 | D:3      | Found a hide-covered altar of Uskayaw.
  3330 | D:3      | Found Zeppup's Assorted Antiques.
  3385 | D:3      | Noticed Jessica
  3392 | D:3      | Killed Jessica
  3393 | D:3      | Reached skill level 5 in Unarmed Combat
  3393 | D:3      | Reached XP level 5. HP: 21/33 MP: 8/8
  3940 | D:4      | Found a burning altar of Makhleb.
  3971 | D:4      | Reached skill level 6 in Unarmed Combat
  3971 | D:4      | Reached XP level 6. HP: 24/38 MP: 9/9
  4084 | D:4      | Noticed an ice beast
  4335 | D:3      | Learned a level 4 spell: Ice Form
  4341 | D:4      | Killed an ice beast
  4563 | D:4      | Found a white marble altar of Elyvilon.
  4812 | D:4      | Reached XP level 7. HP: 19/43 MP: 10/10
  5125 | D:5      | Entered Level 5 of the Dungeon
  5294 | D:5      | Reached skill level 7 in Unarmed Combat
  5688 | D:5      | Found a runed translucent door.
  5690 | D:5      | Noticed osoart's ghost (amateur GnHu)
  5789 | D:5      | Found Jaitwy Xirch's Distillery.
  5798 | D:5      | Bought a potion of might for 48 gold pieces
  5798 | D:5      | Bought a potion of might for 48 gold pieces
  5798 | D:5      | Bought a potion of curing for 36 gold pieces
  5798 | D:5      | Bought a potion of mutation for 96 gold pieces
  6198 | D:6      | Found Tudiqoes's General Store.
  6325 | D:6      | Reached skill level 8 in Unarmed Combat
  6325 | D:6      | Reached XP level 8. HP: 29/48 MP: 11/11
  7871 | D:6      | Reached skill level 9 in Unarmed Combat
  8058 | D:6      | Noticed Grinder
  8076 | D:6      | Killed Grinder
  8792 | D:7      | Reached skill level 10 in Unarmed Combat
  8800 | D:7      | Slain by an orc warrior

Illustrated notes

Levels and vault maps discovered:
D:1:      evilmike_arrival_crescent, layout_basic
D:2:      layout_basic, nicolae_ecumenical_snake_handling
D:3:      layout_basic, chequers_temple_overflow_statue_of_worship,
          serial_shops, shop, uniq_jessica
D:4:      layout_loops_ring, nicolae_elyvilon_peaceful_grove,
          mainiacjoe_overflow_chevrons
D:5:      layout_cave_pools, serial_shops, nicolae_shop_hallway_plus,
          ebering_ghost_inner_flame
D:6:      layout_loops_cross, serial_shops, shop, mrwooster_statue_mirror,
          kennysheep_donut, uniq_grinder
D:7:      layout_layer_cave, minmay_temple_entry_from_below_a,
          kennysheep_generic_room_8, uniq_joseph, uniq_crazy_yiuf_cottage,
          uniq_duvessa

Skill      XL: |  1  2  3  4  5  6  7  8 |
---------------+-------------------------+-----
Unarmed Combat | 4 5 6 8 10 | 10.0
Dodging        | 3 4 |  4.7
Transmutations | 3 |  3.3
Fighting       | |  1.0
Spellcasting   | |  2.0
Ice Magic      | |  0.3

Action                   |  1- 3 |  4- 6 |  7- 9 || total
-------------------------+-------+-------+-------++-------
Melee: Unarmed           |    77 |    95 |   103 ||   275
       Constrict         |    25 |    21 |     8 ||    54
       Kick              |    17 |    26 |    18 ||    61
       Tentacles         |    14 |    14 |    11 ||    39
       Punch             |     4 |     4 |     5 ||    13
 Cast: Beastly Appendage |    27 |    27 |    10 ||    64
       Ice Form          |       |     1 |     6 ||     7
       Wereblood         |       |       |     1 ||     1
  Use: Scroll            |     3 |     8 |     5 ||    16
       Potion            |       |     6 |     5 ||    11
 Stab: Sleeping          |     5 |     7 |     1 ||    13
       Distracted        |     1 |       |       ||     1
Armor: Skin              |    13 |     6 |    11 ||    30
Dodge: Dodged            |    63 |    54 |    60 ||   177

Table legend: (Time is in decaauts)
 A = Elapsed time spent in this place.
 B = Non-inter-level travel time spent in this place.
 C = Inter-level travel time spent in this place.
 D = Time resting spent in this place.
 E = Time spent auto-exploring this place.
 F = Levels seen in this place.
 G = Mean time per level.
                   A        B        C        D        E       F      G
               +--------+--------+--------+--------+--------+-----+--------+
         Total |   8769 |   8642 |    127 |   1518 |   6108 |   7 | 1252.7 |
       Dungeon |   8769 |   8642 |    127 |   1518 |   6108 |   7 | 1252.7 |
               +--------+--------+--------+--------+--------+-----+--------+

Top non-repeatable levels by time:
     D:5: 2102 daAuts
     D:2: 1446 daAuts
     D:6: 1430 daAuts
     D:4: 1271 daAuts
     D:1: 1230 daAuts
     D:3: 1151 daAuts
     D:7: 135 daAuts
